 Dungeon Sprint DCSS version 0.17-a0-1404-gb8113a6 (webtiles) character file.

154 shklvsk the Magician (level 5, -2/25 HPs)
             Began as a Vine Stalker Air Elementalist on June 21, 2015.
             Was a Believer of Vehumet.
             Slain by a hill giant
             ... wielding a +0 giant club
              (22 damage)
             ... in the Dungeon (Sprint IX: "|||||||||||||||||||||||||||||").
             The game lasted 00:04:46 (334 turns).

shklvsk the Magician (Vine Stalker Air Elementalist) Turns: 334, Time: 00:04:46

Health: -2/25      AC:  9    Str: 17    XL:     5   Next: 35%
Magic:  0/15       EV: 12    Int: 16    God:    Vehumet [**....]
Gold:   0          SH:  0    Dex: 14    Spells: 4 memorised, 10 levels left

rFire  . . .     SeeInvis .     n - +2 dire flail (protect)
rCold  . . .     Clarity  .     a - +0 robe
rNeg   . . .     SustAt   .     (no shield)
rPois  .         Gourm    .     (no helmet)
rElec  .         Spirit   +     (no cloak)
rCorr  .         Warding  .     s - +0 pair of gloves
rMut   .         NoTele   +     t - +0 pair of boots
MR     .....                    (no amulet)
Stlth  ++........               v - +3 ring of strength
                                u - +3 ring of strength

@: sluggish, very slow, not resistant to hostile enchantments, unstealthy
A: fangs 2, regeneration 1, magic shield, antimagic bite, no device heal 3, rot
immunity
a: Renounce Religion


You were in the Dungeon.
You worshipped Vehumet.
Vehumet was pleased with you.
You were not hungry.

You visited 1 branch

Inventory:

Hand weapons
 n - a +2 dire flail of protection (weapon)
 o - a +4 quarterstaff of speed
 p - a +2 rapier of venom
 q - a +2 scimitar of flaming
 r - a +3 war axe of chopping
Armour
 a - a +0 robe (worn)
 s - a +0 pair of gloves (worn)
 t - a +0 pair of boots (worn)
Magical staves
 j - an uncursed staff of energy
Jewellery
 u - a +3 ring of strength (left hand)
 v - a +3 ring of strength (right hand)
Magical devices
 m - a wand of cold (7)
Scrolls
 i - 2 scrolls of blinking
 k - 3 scrolls of remove curse
 l - 2 scrolls of amnesia
Potions
 d - 5 potions of curing
 e - 3 potions of heal wounds
 f - a potion of haste
 g - 4 potions of magic
 h - a potion of invisibility
Books
 b - a book of Air

   Spells                             Type                      Level
   a - Shock                          Conjuration/Air              1
   b - Swiftness                      Charms/Air                   2
   c - Repel Missiles                 Charms/Air                   2
   d - Static Discharge               Conjuration/Air              3
   e - Lightning Bolt                 Conjuration/Air              5
Comestibles
 c - a bread ration


   Skills:
 - Level 1.2 Fighting
 - Level 1.6 Dodging
 - Level 2.5 Stealth
 - Level 0.4 Unarmed Combat
 + Level 7.0 Spellcasting
 + Level 4.6 Conjurations
 + Level 5.5 Air Magic
 * Level 3.1 Evocations


You had 10 spell levels left.
You knew the following spells:

 Your Spells              Type           Power        Failure   Level  Hunger
a - Shock                 Conj/Air       ###.         1%          1    None
b - Repel Missiles        Chrm/Air       ##....       8%          2    None
c - Swiftness             Chrm/Air       ##......     8%          2    None
d - Static Discharge      Conj/Air       ###.....     6%          3    ##.....


Dungeon Overview and Level Annotations

Branches:
Dungeon (1/1)

Altars:
Cheibriados
Dithmenos
Elyvilon
Fedhas
Gozag
Kikubaaqudgha
Makhleb
Nemelex Xobeh
Okawaru
Qazlal
Ru
Sif Muna
Trog
Vehumet
Xom
Yredelemnul
Zin
The Shining One
Beogh
Jiyva
Lugonu


Innate Abilities, Weirdness & Mutations

You have extremely sharp teeth.
Your natural rate of healing is unusually fast.
When hurt, damage is shared between your health and your magic reserves.
Your bite disrupts and absorbs the magic of your enemies.
Potions and wands cannot restore your health.
You are immune to rotting.


Message History

The hill giant is severely wounded.
The hill giant completely misses you.
Casting: Shock
Confirm with . or Enter, or press ? or * to list all spells.
Aiming: Shock
Press: ? - help, Shift-Dir - straight line, f/p - hill giant
Aim: a hill giant, wielding a giant club (severely wounded)
The zap hits the hill giant.
The hill giant appears unharmed.
The hill giant is severely wounded.
The hill giant barely misses you.
Casting: Shock
Confirm with . or Enter, or press ? or * to list all spells.
You don't have enough magic to cast that spell.
Unknown command.
You puncture the hill giant! You bite the hill giant. You drain its power.
You feel invigorated.
The hill giant is almost dead.
The hill giant hits you with a giant club!!
Ouch! That really hurt!
You die... ▓▓▓▓▓▓▓▓▓▓▓▓▓▓▓▓▓▓▓▓ ▓<.@C.'.÷÷..'.....'_ ▓▓▓▓▓▓▓▓▓▓▓▓▓▓▓▓▓▓▓▓

You could see a hill giant.

Vanquished Creatures
  A wight (D)
  A crimson imp (D)
  A hound (D)
  A jelly (D)
  An adder (D)
  An adder zombie (D)
  A giant gecko (D)
  A ball python (D)
  A giant cockroach (D)
  4 bats (D)
  A giant gecko skeleton (D)
  A jackal (D)
15 creatures vanquished.

Vanquished Creatures (others)
  A spatial maelstrom (D)
1 creature vanquished.

Grand Total: 16 creatures vanquished

Notes
Turn   | Place    | Note
--------------------------------------------------------------
     0 | D        | shklvsk the Vine Stalker Air Elementalist began the quest for the Orb.
     0 | D        | Reached XP level 1. HP: 9/9 MP: 4/4
    11 | D        | Banished a spatial maelstrom
    62 | D        | Noticed a crimson imp
    65 | D        | Reached XP level 2. HP: 10/13 MP: 2/7
    75 | D        | Reached skill level 4 in Spellcasting
   124 | D        | Found a glowing silver altar of Zin.
   124 | D        | Found a glowing golden altar of the Shining One.
   124 | D        | Found an ancient bone altar of Kikubaaqudgha.
   124 | D        | Found a basalt altar of Yredelemnul.
   124 | D        | Found a shimmering altar of Xom.
   124 | D        | Found a radiant altar of Vehumet.
   125 | D        | Found an iron altar of Okawaru.
   126 | D        | Found a burning altar of Makhleb.
   127 | D        | Found a deep blue altar of Sif Muna.
   130 | D        | Found a bloodstained altar of Trog.
   135 | D        | Found a sparkling altar of Nemelex Xobeh.
   136 | D        | Found a white marble altar of Elyvilon.
   137 | D        | Found a roughly hewn altar of Beogh.
   138 | D        | Became a worshipper of Vehumet
   188 | D        | Killed a crimson imp
   188 | D        | Reached skill level 1 in Fighting
   188 | D        | Reached skill level 5 in Spellcasting
   188 | D        | Reached XP level 3. HP: 6/18 MP: 6/11
   211 | D        | Found a viscous altar of Jiyva.
   212 | D        | Found a corrupted altar of Lugonu.
   213 | D        | Found a blossoming altar of Fedhas.
   214 | D        | Found a snail-covered altar of Cheibriados.
   215 | D        | Found a shadowy altar of Dithmenos.
   216 | D        | Found a stormy altar of Qazlal.
   217 | D        | Found an opulent altar of Gozag.
   218 | D        | Found a sacrificial altar of Ru.
   264 | D        | Learned a level 2 spell: Repel Missiles
   267 | D        | Learned a level 2 spell: Swiftness
   271 | D        | Learned a level 3 spell: Static Discharge
   271 | D        | Noticed a hound
   271 | D        | Noticed a wight
   271 | D        | Noticed a hill giant
   271 | D        | Noticed a jelly
   276 | D        | Killed a hound
   276 | D        | Acquired Vehumet's first power
   276 | D        | Offered knowledge of Flame Tongue by Vehumet.
   276 | D        | Reached skill level 6 in Spellcasting
   276 | D        | Reached skill level 1 in Evocations
   276 | D        | Reached XP level 4. HP: 22/22 MP: 5/13
   276 | D        | Killed a wight
   276 | D        | Reached skill level 5 in Air Magic
   276 | D        | Reached XP level 5. HP: 25/25 MP: 6/15
   276 | D        | Killed a jelly
   276 | D        | Reached skill level 7 in Spellcasting
   334 | D        | Slain by a hill giant

Vault maps used:
D:        linesprint

Action                   |  1- 3 |  4- 6 || total
-------------------------+-------+-------++-------
Melee: Unarmed           |    37 |       ||    37
       Dire flail        |       |     1 ||     1
 Cast: Shock             |    21 |    11 ||    32
       Swiftness         |     1 |     1 ||     2
  Use: Potion            |     1 |       ||     1
